Description

This is an economic focused build I have come up with in order to keep Terran at home to get to the mid-game.

Build Order

Get SALT Encoding   

  13  00:13  Overlord  
  18  01:01  Hatchery  
  17  01:05  Extractor  
  17  01:19  Spawning Pool  
  20  01:50  Overlord  
  21  02:08  Metabolic Boost, Queen  
  25  02:13  Queen  
  29  02:27  Zergling x2  
  30  02:33  Zergling x2  
  30  02:50  Baneling Nest  
  29  02:52  Overlord x2  
  35  03:06  Queen  
  35  03:10  Overlord  
  35  03:15  Overlord  
  38  03:28  Queen  
  51  03:59  Overlord x2  
  54  04:12  Queen  
  57  04:18  Lair  
  76  05:14  Spire  
  97  06:14  Mutalisk x11  10 to 11 Mutalisk you can afford depending on execution and if you were harrased early on.
Spawning Tool Build Advisor. Get it on Overwolf

Go to:

Details

  • Created by: Grandmaster
  • Published on: Dec 31, 2015
  • Modified on: Dec 31, 2015
  • Patch: Pre-3.8.0
Show
View Real Time Build Order
Export as new Build Order

Comments (3)

On Jan. 13, 2016, 12:54 a.m., ryan0id  said:

Muta's at 97?!

On Jan. 5, 2016, 5:01 p.m., yabda  said:

This build is really bad man..

On Jan. 4, 2016, 2:12 p.m., asdfasdf  said:

yup make one extractor and then make 11 mutas with it kappa

Create an account to comment!